 Dungeon Sprint DCSS version 0.20-a0-641-g673355a (webtiles) character file.

9355 Kidiri the Eclecticist (level 11, -1/67 HPs)
             Began as a Deep Elf Fire Elementalist on Feb 13, 2017.
             Was the Champion of Vehumet.
             Slain by a ghost moth (5 damage)
             ... called by a spriggan druid
             ... in the Dungeon (Sprint III: "The Ten Rune Challenge").
             The game lasted 00:21:41 (3029 turns).

Kidiri the Eclecticist (Deep Elf Fire Elementalist) Turns: 3029, Time: 00:21:42

Health: -1/67      AC:  4    Str:  3 (5)  XL:     11   Next: 22%
Magic:  0/33       EV: 21    Int: 24      God:    Vehumet [******]
Gold:   91         SH:  0    Dex: 14 (15) Spells: 2/42 levels left

rFire    + . .     SeeInvis .   l - +1 dagger (elec)
rCold    . . .     Gourm    .   j - +0 robe {rF+}
rNeg     . . .     Faith    .   (no shield)
rPois    .         Spirit   .   (no helmet)
rElec    .         Reflect  .   (no cloak)
rCorr    .         Harm     .   (no gloves)
MR       +....     Clarity  +   (no boots) Stlth ++........NoTele +
                                (no amulet)
Regen    0.3/turn               (no ring)
MPRegen  0.3/turn               (no ring)

@: lethally poisoned (-1 -> -30)
A: repulsion field 1, molten scales 1, blink, blurry vision 1, clarity, wild
magic 1
a: Blink, Renounce Religion


You were in the Dungeon.
You worshipped Vehumet.
Vehumet was exalted by your worship.
You were not hungry.

You visited 1 branch You collected 91 gold pieces.

Inventory:

Hand Weapons
 l - a +1 dagger of electrocution (weapon)
Armour
 j - a +0 robe of fire resistance (worn)
Wands
 b - a wand of random effects (22/48)
 w - a wand of disintegration (7/24)
Scrolls
 i - a scroll of blinking
 k - 4 scrolls of remove curse
 n - a scroll of immolation
 o - a scroll of fear {unknown}
 p - 2 scrolls of amnesia {unknown}
 t - a scroll of identify {unknown}
 x - a scroll of magic mapping {unknown}
 y - a scroll of enchant weapon {unknown}
Potions
 f - a potion of haste
 g - a potion of magic
 h - a potion of berserk rage
 r - 2 potions of might
 s - 3 potions of flight
Comestibles
 a - 21 royal jellies
 c - a bread ration
 q - 2 meat rations


   Skills:
 + Level 7.3 Fighting
 + Level 8.6 Short Blades
 + Level 7.3 Armour
 + Level 10.9 Dodging
 - Level 2.4 Stealth
 * Level 16.0 Spellcasting
 + Level 9.8 Conjurations
 + Level 10.4 Fire Magic
 + Level 7.1 Ice Magic
 + Level 7.1 Air Magic
 + Level 4.2 Earth Magic
 + Level 7.9 Poison Magic


You had 2 spell levels left.
You knew the following spells:

 Your Spells              Type           Power        Failure   Level  Hunger
a - Flame Tongue          Conj/Fire      #####        1%          1    None
b - Throw Flame           Conj/Fire      ######       1%          2    None
c - Conjure Flame         Conj/Fire      ######..     1%          3    None
d - Inner Flame           Hex/Fire       ######..     1%          3    None
e - Ignite Poison         Fire/Tmut/Pois ######..     1%          3    None
f - Sticky Flame          Conj/Fire      ######..     1%          4    None
g - Fireball              Conj/Fire      ######....   1%          5    #......
h - Mephitic Cloud        Conj/Pois/Air  ######..     1%          3    None
i - Freeze                Ice            ####         1%          1    None
j - Throw Icicle          Conj/Ice       ######..     1%          4    None
k - Iron Shot             Conj/Erth      ######....   9%          6    ####...
l - Lee's Rapid Deconstr  Erth           ######....   7%          5    #......


Dungeon Overview and Level Annotations

Branches:
Dungeon (1/1)

Altars:
Cheibriados
Dithmenos
Elyvilon
Fedhas
Gozag
Hepliaklqana
Kikubaaqudgha
Makhleb
Nemelex Xobeh
Okawaru
Qazlal
Ru
Sif Muna
Trog
Uskayaw
Vehumet
Xom
Yredelemnul
Zin
The Shining One
Beogh
Jiyva
Lugonu

Annotations:
D exclusion: door


Innate Abilities, Weirdness & Mutations

You are surrounded by a mild repulsion field. (EV +2)
You are partially covered in molten scales. (AC +2)
You can translocate small distances at will.
Scrolls take you a little longer to read.
You possess an exceptional clarity of mind.
Your spells are a little harder to cast, but a little more powerful.


Message History

* * * LOW HITPOINT WARNING * * *
You feel very sick.
You feel you are being watched by something.
You feel your power leaking away.
Unknown command.
* * * LOW HITPOINT WARNING * * *
You feel very sick.
You see here 3 inedible chunks of flesh.
Unknown command.
Okay, then.
* * * LOW HITPOINT WARNING * * *
You feel very sick.
Unknown command.
* * * LOW HITPOINT WARNING * * *
You feel very sick.
Unknown command.
You hit something but do no damage.
* * * LOW HITPOINT WARNING * * *
You feel sick. Something hits you.
You die...

#..♣♣ ♣......##+#
###'♣♣♣♣♣♣♣♣♣♣♣♣...♣♣#
♣♣♣♣.##..##≈≈≈≈≈≈..#..#
♣...##.##.#≈≈≈≈§...#..#
♣♣.##.##.##+≈≈≈≈§####+#
♣..#.##)..#≈≈...§§§§§#
♣♣.##.##..#≈.('####
♣♣.##.#####...#.)..).#
♣.....##@.%...#♣.)%_.#
########+###### ######


There were no monsters in sight!

Vanquished Creatures
  A centaur warrior (D)
  Erica (D)
  Urug (D)
  A spriggan druid (D)
  An unseen horror (D)
  A death drake (D)
  A lindwurm (D)
  A deep elf mage (D)
  2 spiny frogs (D)
  A komodo dragon (D)
  3 wandering mushrooms (D)
  A queen bee (D)
  2 tyrant leeches (D)
  A shadow (D)
  2 spriggans (D)
  3 redbacks (D)
  A spatial vortex (D)
  A hydra simulacrum (D)
  A fire dragon simulacrum (D)
  A necrophage (D)
  2 centaurs (D)
  A water elemental (D)
  30 killer bees (D)
  A jelly (D)
  A wizard (D)
  Jessica (D)
  A necromancer (D)
  2 polar bear simulacra (D)
  3 humans (D)
  A kobold demonologist (D)
  An ooze (D)
  A phantom (D)
  2 rats (D)
  A ballistomycete (D)
  A ballistomycete spore (D)
  2 plants (D)
78 creatures vanquished.

Vanquished Creatures (others)
  2 draconian scorchers (D)
  2 hydras (D)
  6 hellions (D)
  3 yaktaurs (D)
  2 killer bees (D)
  An electric eel (D)
  A plant (D)
17 creatures vanquished.

Grand Total: 95 creatures vanquished

Notes
Turn   | Place    | Note
-------+----------+-------------------------------------------
     0 | D        | Kidiri the Deep Elf Fire Elementalist began the quest for the Orb.
     0 | D        | Reached XP level 1. HP: 10/10 MP: 6/6
    40 | D        | Reached skill level 1 in Fighting
    40 | D        | Reached skill level 4 in Spellcasting
    57 | D        | Noticed Jessica
    64 | D        | Killed Jessica
    64 | D        | Reached skill level 1 in Armour
    64 | D        | Reached skill level 5 in Spellcasting
    64 | D        | Reached XP level 2. HP: 17/17 MP: 6/10
    64 | D        | Reached XP level 3. HP: 21/21 MP: 6/11
    68 | D        | Learned a level 2 spell: Throw Flame
    72 | D        | Learned a level 3 spell: Conjure Flame
    76 | D        | Learned a level 3 spell: Inner Flame
    83 | D        | Killed a hellion
    93 | D        | Killed a hellion
    94 | D        | Killed a hellion
   104 | D        | Killed a yaktaur
   107 | D        | Killed a hellion
   177 | D        | Killed a hellion
   179 | D        | Killed a hellion
   195 | D        | Gained mutation: You are partially covered in molten scales. (AC +2) [potion of mutation]
   195 | D        | Gained mutation: You are frail. (-10% HP) [potion of mutation]
   195 | D        | Gained mutation: You have large cloven feet. [potion of mutation]
   196 | D        | Lost mutation: You are frail. (-10% HP) [potion of mutation]
   196 | D        | Lost mutation: You have large cloven feet. [potion of mutation]
   196 | D        | Gained mutation: Your flesh is heat resistant. (rF+) [potion of mutation]
   196 | D        | Gained mutation: You evolve. [potion of mutation]
   197 | D        | Lost mutation: You evolve. [potion of mutation]
   197 | D        | Lost mutation: Your flesh is heat resistant. (rF+) [potion of mutation]
   197 | D        | Gained mutation: You can translocate small distances at will. [potion of mutation]
   197 | D        | Gained mutation: Your muscles are strong. (Str +2) [potion of mutation]
   198 | D        | Lost mutation: Your muscles are strong. (Str +2) [potion of mutation]
   198 | D        | Gained mutation: You are surrounded by a mild repulsion field. (EV +2) [potion of mutation]
   198 | D        | Gained mutation: Your spells are a little harder to cast, but a little more powerful. [potion of mutation]
   198 | D        | Gained mutation: Scrolls take you a little longer to read. [potion of mutation]
   198 | D        | Gained mutation: You possess an exceptional clarity of mind. [potion of mutation]
   232 | D        | Noticed a water elemental
   237 | D        | Killed a water elemental
   237 | D        | Reached skill level 7 in Spellcasting
   237 | D        | Reached XP level 4. HP: 17/27 MP: 8/15
   243 | D        | Learned a level 4 spell: Sticky Flame
   260 | D        | Killed a white draconian scorcher
   287 | D        | Killed a white draconian scorcher
   346 | D        | Found a radiant altar of Vehumet.
   347 | D        | Found a deep blue altar of Sif Muna.
   347 | D        | Found an ancient bone altar of Kikubaaqudgha.
   347 | D        | Noticed a wizard
   351 | D        | Reached skill level 5 in Fire Magic
   354 | D        | Killed a wizard
   354 | D        | Reached skill level 5 in Dodging
   354 | D        | Reached XP level 5. HP: 25/32 MP: 3/17
   378 | D        | Learned a level 5 spell: Fireball
   380 | D        | Became a worshipper of Vehumet
   442 | D        | Found a glowing silver altar of Zin.
   443 | D        | Found a glowing golden altar of the Shining One.
   443 | D        | Found a white marble altar of Elyvilon.
   443 | D        | Noticed a deep elf mage
   448 | D        | Noticed a tarantella
   449 | D        | Noticed a rust devil
   449 | D        | Killed a deep elf mage
   449 | D        | Reached skill level 10 in Spellcasting
   449 | D        | Reached skill level 5 in Conjurations
   449 | D        | Reached XP level 6. HP: 38/38 MP: 9/21
   449 | D        | Reached XP level 7. HP: 43/43 MP: 9/23
   454 | D        | Learned a level 3 spell: Mephitic Cloud
   523 | D        | Found a hide-covered altar of Uskayaw.
   523 | D        | Found a roughly hewn altar of Beogh.
   523 | D        | Found an iron altar of Okawaru.
   523 | D        | Found a bloodstained altar of Trog.
   523 | D        | Noticed a human
   531 | D        | Noticed a human
   537 | D        | Killed a human
   537 | D        | Reached skill level 1 in Air Magic
   537 | D        | Reached skill level 1 in Poison Magic
   540 | D        | Killed a human
   540 | D        | Reached * piety under Vehumet
   540 | D        | Offered knowledge of Sting by Vehumet.
   540 | D        | Reached skill level 5 in Short Blades
   540 | D        | Reached skill level 11 in Spellcasting
   657 | D        | Found a basalt altar of Yredelemnul.
   657 | D        | Found a shadowy altar of Dithmenos.
   657 | D        | Found a sacrificial altar of Ru.
   817 | D        | Offered knowledge of Freeze by Vehumet.
   817 | D        | Reached ** piety under Vehumet
   820 | D        | Learned a level 1 spell: Freeze
   821 | D        | Noticed a shadow
   830 | D        | Killed a shadow
   830 | D        | Reached skill level 1 in Ice Magic
   830 | D        | Reached XP level 8. HP: 48/48 MP: 12/25
   903 | D        | Found a blossoming altar of Fedhas.
   903 | D        | Found a stormy altar of Qazlal.
   903 | D        | Found a snail-covered altar of Cheibriados.
   903 | D        | Found a burning altar of Makhleb.
   903 | D        | Found a shimmering altar of Xom.
   904 | D        | Found a hazy altar of Hepliaklqana.
   904 | D        | Found an opulent altar of Gozag.
   904 | D        | Found a sparkling altar of Nemelex Xobeh.
   904 | D        | Found a corrupted altar of Lugonu.
   904 | D        | Found a viscous altar of Jiyva.
   935 | D        | Reached skill level 5 in Fighting
   935 | D        | Reached skill level 5 in Armour
  1040 | D        | Noticed Erica
  1047 | D        | Killed Erica
  1047 | D        | Offered knowledge of Ignite Poison by Vehumet.
  1047 | D        | Reached skill level 12 in Spellcasting
  1052 | D        | Learned a level 3 spell: Ignite Poison
  1249 | D        | Noticed a centaur warrior
  1254 | D        | Reached *** piety under Vehumet
  1257 | D        | Reached XP level 9. HP: 49/54 MP: 12/27
  1257 | D        | Killed a centaur warrior
  1257 | D        | Offered knowledge of Throw Icicle by Vehumet.
  1257 | D        | Reached skill level 13 in Spellcasting
  1257 | D        | Reached skill level 5 in Poison Magic
  1274 | D        | Learned a level 4 spell: Throw Icicle
  1338 | D        | Noticed an unseen horror
  1344 | D        | Killed an unseen horror
  1386 | D        | Reached **** piety under Vehumet
  1387 | D        | Offered knowledge of Force Lance by Vehumet.
  1387 | D        | Reached skill level 5 in Air Magic
  1390 | D        | Reached ***** piety under Vehumet
  1391 | D        | Reached skill level 5 in Ice Magic
  1396 | D        | Reached skill level 14 in Spellcasting
  1397 | D        | Noticed a queen bee
  1398 | D        | Reached ****** piety under Vehumet
  1399 | D        | Reached XP level 10. HP: 60/60 MP: 17/30
  1633 | D        | Offered knowledge of Iron Shot by Vehumet.
  1641 | D        | Learned a level 6 spell: Iron Shot
  1651 | D        | Reached skill level 10 in Dodging
  1664 | D        | Reached skill level 1 in Earth Magic
  1688 | D        | Killed a seven-headed hydra
  1693 | D        | Noticed a spiny frog
  1693 | D        | Noticed a spiny frog
  1696 | D        | Killed a spiny frog
  1699 | D        | Killed a spiny frog
  1699 | D        | Reached skill level 15 in Spellcasting
  1821 | D        | Offered knowledge of Poison Arrow by Vehumet.
  1915 | D        | Noticed a lindwurm
  1918 | D        | Killed a lindwurm
  1918 | D        | Reached skill level 10 in Fire Magic
  1937 | D        | Killed a four-headed hydra
  2250 | D        | Noticed Urug
  2264 | D        | Killed Urug
  2264 | D        | Reached XP level 11. HP: 66/67 MP: 8/32
  2450 | D        | Offered knowledge of Lee's Rapid Deconstruction by Vehumet.
  2659 | D        | Learned a level 5 spell: Lee's Rapid Deconstruction
  2799 | D        | Noticed a death drake
  2803 | D        | Killed a death drake
  2986 | D        | Found a blossoming altar of Fedhas.
  2986 | D        | Noticed a spriggan druid
  2990 | D        | Killed a spriggan druid
  2990 | D        | Reached skill level 16 in Spellcasting
  3029 | D        | Slain by a ghost moth

Vault maps used:
D:        dungeon_sprint_mu

Skill      XL: |  1  2  3  4  5  6  7  8  9 10 11 |
---------------+----------------------------------+-----
Fighting       | 1 2 4 5 6 7 |  7.3
Spellcasting   | 5 7 10 11 12 14 15 16 | 16.0
Armour         | 1 2 4 5 6 7 |  7.3
Dodging        | 3 4 5 6 7 8 9 10 | 10.9
Conjurations   | 2 3 4 5 6 7 8 9 |  9.8
Fire Magic     | 4 5 6 7 8 9 10 | 10.4
Short Blades   | 2 4 5 6 7 8 |  8.6
Air Magic      | 2 3 5 6 7 |  7.1
Poison Magic   | 2 4 5 7 |  7.9
Ice Magic      | 1 3 5 6 7 |  7.1
Earth Magic    | 3 4 |  4.2
Stealth        | |  2.4

Action                   |  1- 3 |  4- 6 |  7- 9 | 10-12 || total
-------------------------+-------+-------+-------+-------++-------
Melee: Dagger            |     1 |     3 |     2 |     7 ||    13
 Cast: Flame Tongue      |    14 |     3 |    58 |    36 ||   111
       Conjure Flame     |     1 |       |     5 |     4 ||    10
       Throw Flame       |     1 |       |     1 |     1 ||     3
       Sticky Flame      |       |     3 |     2 |    10 ||    15
       Mephitic Cloud    |       |       |    10 |     4 ||    14
       Fireball          |       |       |     2 |     3 ||     5
       Ignite Poison     |       |       |     4 |     6 ||    10
       Iron Shot         |       |       |       |    13 ||    13
  Use: Potion            |     4 |     1 |       |     3 ||     8
       Scroll            |     1 |       |       |     1 ||     2
 Stab: Sleeping          |     1 |       |     1 |       ||     2
  Eat: Chunk             |       |       |     2 |       ||     2
       Royal jelly       |       |       |       |     5 ||     5
Armor: Robe              |       |     1 |       |       ||     1
Dodge: Dodged            |       |     9 |    10 |    24 ||    43
